 Dungeon Crawl Stone Soup version 0.17.1-3-g152610e (webtiles) character file.

143 MrTails the Shield-Bearer (level 5, 0/33 HPs)
             Began as a Gargoyle Fighter on Feb 18, 2016.
             Slain by a quokka (2 damage)
             ... on level 3 of the Dungeon.
             The game lasted 00:05:48 (2548 turns).

MrTails the Shield-Bearer (Gargoyle Fighter)        Turns: 2548, Time: 00:05:48

Health: 0/33       AC: 11    Str: 20    XL:     5   Next: 25%
Magic:  5/5        EV:  7    Int:  9    God:
Gold:   169        SH:  9    Dex:  9    Spells: 0 memorised, 4 levels left

rFire  . . .     SeeInvis .     a - +0 flail
rCold  . . .     Clarity  .     b - +0 scale mail
rNeg   + . .     SustAt   .     c - +0 shield
rPois  ∞         Gourm    .     (no helmet)
rElec  +         Spirit   .     (no cloak)
rCorr  .         Warding  .     (no gloves)
rMut   .         Stasis   .     (no boots)
MR     .....                    (no amulet)
Stlth  ..........               (no ring)
                                (no ring)

@: not resistant to hostile enchantments, extremely unstealthy
A: negative energy resistance 1, electricity resistance, unbreathing,
petrification resistance, rot immunity, AC +4
a: no special abilities


You were on level 3 of the Dungeon.
You were hungry.

You visited 1 branch of the dungeon, and saw 4 of its levels.

You collected 169 gold pieces.

Inventory:

Hand Weapons
 a - a +0 flail (weapon)
Armour
 b - a +0 scale mail (worn)
 c - a +0 shield (worn)
 x - a +0 pair of gloves
Jewellery
 q - an uncursed amulet of clarity {unknown}
 t - an uncursed ring of ice {unknown}
Wands
 w - a wand of fireball (2)
Scrolls
 f - 3 scrolls of remove curse {unknown}
 g - 2 scrolls of teleportation {unknown}
 i - 3 scrolls of random uselessness {unknown}
 l - a scroll of fear {unknown}
 m - a scroll of magic mapping {unknown}
 o - 5 scrolls of identify {unknown}
 p - a scroll of immolation {unknown}
 v - a scroll of noise {unknown}
 y - a scroll of amnesia {unknown}
Potions
 d - 4 potions of might
 h - 5 potions of flight {unknown}
 j - a potion of brilliance {unknown}
 k - 2 potions of curing {unknown}
 r - 2 potions of cancellation {unknown}
 s - a potion of invisibility {unknown}
 u - 2 potions of ambrosia {unknown}
Comestibles
 e - 2 bread rations
 n - 12 fruits


   Skills:
 + Level 3.9 Fighting
 * Level 3.5 Maces & Flails
 + Level 4.1 Armour
 + Level 4.2 Shields


You had 4 spell levels left.
You didn't know any spells.

Dungeon Overview and Level Annotations

Branches:
Dungeon (4/15)
 Temple: D:4-7

Altars:
Ru
Yredelemnul


Innate Abilities, Weirdness & Mutations

You are resistant to torment.
Your stone body is resilient (AC +4).
You are immune to poison.
You resist negative energy.
You are resistant to electric shocks.
You can survive without breathing.
You are immune to petrification.
You are immune to rotting.


Message History

Your shield and scale mail prevent you from hitting the orc priest.
The orc priest is almost dead.
You block the orc priest's attack. The orc hits you but does no damage.
You block the quokka's attack. The orc priest barely misses you.
The orc hits you but does no damage.
You hit the orc priest.
You kill the orc priest!
You have reached level 5!
The quokka barely misses you. x2
You block the orc's attack.
You completely miss the orc. The quokka barely misses you.
The orc hits you but does no damage. You block the quokka's attack.
You closely miss the orc. You block the orc's attack.
The quokka closely misses you.
You closely miss the orc. The orc hits you but does no damage.
The quokka barely misses you. The orc hits you but does no damage.
You sock the orc!
You kill the orc!
You block the quokka's attack. The quokka bites you.
You die...

#.##
#...#####.####.....
####.#
#########..########
#....#
##..........##### #
#..).#
##......####.....###
#....########........#
#####..##
#....................#
##...
#....########>.......#
##... #....#
##r))...## #....
#....# ##@...## #....
#.>..# ###### ##...
###### ##.. ###


You could see a quokka.

Vanquished Creatures
  An orc priest (D:3)
  A centaur zombie (D:3)
  2 adders (D:3)
  An ooze (D:1)
  A worm (D:3)
  A giant gecko (D:3)
  3 orcs (D:3)
  10 bats
  7 hobgoblins
  4 jackals
  A quokka (D:2)
  A giant cockroach (D:3)
  A giant newt (D:3)
  10 goblins
  3 kobolds
  11 rats
58 creatures vanquished.

Notes
Turn   | Place    | Note
--------------------------------------------------------------
     0 | D:1      | MrTails the Gargoyle Fighter began the quest for the Orb.
     0 | D:1      | Reached XP level 1. HP: 14/14 MP: 1/1
   275 | D:1      | Reached XP level 2. HP: 17/19 MP: 2/2
  1047 | D:2      | Reached XP level 3. HP: 20/23 MP: 3/3
  1058 | D:2      | Found a basalt altar of Yredelemnul.
  2049 | D:3      | Reached XP level 4. HP: 25/28 MP: 4/4
  2072 | D:3      | Found a sacrificial altar of Ru.
  2148 | D:3      | Reached skill level 4 in Armour
  2541 | D:3      | HP: 1/29 [orc priest/divine providence (10)]
  2544 | D:3      | Reached XP level 5. HP: 1/33 MP: 5/5
  2548 | D:3      | Slain by a quokka

Action                   |  1- 3 |  4- 6 || total
-------------------------+-------+-------++-------
Melee: Flail             |   172 |    67 ||   239
  Eat: Chunk             |     4 |     1 ||     5
